 Dungeon Crawl Stone Soup version 0.31-a0-210-gccc998df9b (webtiles) character file.

Game seed: 17857138549714079122

64 qw the Shooter (level 4, -2/26 HPs)
             Began as a Gargoyle Hexslinger on June 29, 2023.
             Killed from afar by Sigmund (8 damage)
             ... with a magic dart
             ... on level 2 of the Dungeon.
             The game lasted 00:00:35 (1327 turns).

qw the Shooter (Gargoyle Hexslinger)                Turns: 1327, Time: 00:00:36

Health: -2/26      AC:  4    Str: 12    XL:     4   Next: 12%
Magic:  5/5        EV: 12    Int: 13    God:
Gold:   964        SH:  0    Dex: 14    Spells: 4/5 levels left

rFire   . . .        Y - +1 sling
rCold   . . .        (no shield)
rNeg    + . .        (no body armour)
rPois   inf          (no helmet)
rElec   +            i - +0 cloak
rCorr   .            (no gloves)
SInv    .            (no boots)
Will    .....        (no amulet)
Stlth   +            (no ring)
HPRegen 0.24/turn    (no ring)
MPRegen 0.09/turn

%: no passive effects
@: no status effects
A: sickness immunity, AC +3, negative energy resistance 1, electricity
resistance, torment resistance 1, petrification resistance
a: no special abilities


You were on level 2 of the Dungeon.
You visited 1 branch of the dungeon, and saw 2 of its levels.

You collected 1230 gold pieces.
You spent 266 gold pieces at shops.


Innate Abilities, Weirdness & Mutations

You are immune to sickness and miasma.
Your stone body is resilient. (AC +3)
You are immune to poison.
You resist negative energy. (rN+)
You are resistant to electric shocks. (rElec)
You are resistant to unholy torment.
You are immune to petrification.


   Skills:
 - Level 2.1 Fighting
 + Level 3.9 Ranged Weapons
 - Level 1.5 Dodging
 - Level 1.0 Spellcasting
 - Level 2.6 Hexes


You had 4 spell levels left.
You knew the following spells:

 Your Spells              Type           Power      Damage    Failure   Level
a - Slow                  Hex            28%        N/A       10%         1

Your spell library contained the following spells:

 Spells                   Type           Power      Damage    Failure   Level
 Inner Flame              Hex/Fire       4%         N/A       43%         3
 Portal Projectile        Hex/Tloc       8%         N/A       43%         3
 Cause Fear               Hex            3%         N/A       67%         4

Inventory:

Hand Weapons
 Y - a +1 sling (weapon)
Armour
 a - a +0 leather armour of fire resistance
 c - a +1 cloak
 e - a +0 helmet
 f - a +0 leather armour
 i - a +0 cloak (worn)
Scrolls
 g - a scroll of identify {unknown}
Potions
 b - a potion of lignification {unknown}
 d - a potion of might
 h - a potion of magic {unknown}
 j - 2 potions of brilliance {unknown}

Dungeon Overview and Level Annotations

Branches:
Dungeon (2/15)

Altars:

Shops:
D:2 [

Annotations:
D:2 Sigmund


Message History

You hear a shout!
Sigmund casts a spell at you. The puff of flame hits you!
You shoot a sling bullet. The sling bullet hits Sigmund.
Sigmund is moderately wounded.
Sigmund hits you from afar with a +2 scythe of flaming.
Sigmund burns you.
You shoot a sling bullet. The sling bullet barely misses Sigmund.
Sigmund barely misses you.
You shoot a sling bullet. The sling bullet hits Sigmund.
Sigmund is heavily wounded.
Sigmund hits you from afar with a +2 scythe of flaming.
Sigmund burns you.
Enter note:
Enter note:
1319 ||| UPGRADING to +0 leather armour of fire resistance.
You start removing your armour.
You continue taking off your +0 leather armour.
Sigmund closely misses you.
You continue taking off your +0 leather armour.
Sigmund completely misses you.
You continue taking off your +0 leather armour. x2
Sigmund closely misses you.
You finish taking off your +0 leather armour.
1324 ||| UPGRADING to +0 leather armour of fire resistance.
The orc throws a boomerang.
Keep equipping yourself?
The boomerang hits you. Sigmund barely misses you.
You start putting on your armour.
You continue putting on your +0 leather armour of fire resistance.
The orc throws a boomerang.
The boomerang hits you.
You continue putting on your +0 leather armour of fire resistance.
Sigmund casts a spell.
Sigmund flickers and vanishes!
Deactivating autopickup; reactivate with Ctrl-A.
The orc throws a boomerang.
The boomerang barely misses you.
You continue putting on your +0 leather armour of fire resistance.
A magic dart appears from out of thin air!
The magic dart hits you!
You die...

#..........## o.#
#.###......# ####'## #.#
#......## #.....# #.#
#.......( #.....# #.#
#####.... #.....###'####
#.... #.....##.....# #....
#){...##.....# #.... ### #@#
#.....# #.... ..# #.# #.....#
#.... #.# #.# #.....# #....
#.## #.# #.###.....# #....
#....##.## #.........# #....
#.....######.#'#.## #....
#.%.%####.#.#..#####+##
#.##.%.............#.#
#######.##..........)).....##


You could see an orc.

Vanquished Creatures
  Robin (D:2)
  An adder (D:2)
  A dart slug (D:2)
  5 ball pythons
  4 endoplasms
  9 goblins (D:2)
  3 hobgoblins (D:2)
  2 jackals (D:2)
  3 quokkas
  5 bats
  A frilled lizard (D:2)
  4 rats
39 creatures vanquished.

Notes
Turn   | Place    | Note
-------+----------+-------------------------------------------
     0 | D:1      | qw the Gargoyle Hexslinger began the quest for the Orb.
     0 | D:1      | Reached XP level 1. HP: 12/12 MP: 2/2
     0 | D:1      | 0 ||| qw: Version: 0.3-a-24-ga2abf7b
     0 | D:1      | 0 ||| qw: Game counter: 7023
     0 | D:1      | 0 ||| qw: Melee chars always use a shield: true
     0 | D:1      | 0 ||| qw: God list: Okawaru
     0 | D:1      | 0 ||| qw: Allow faded altars: false
     0 | D:1      | 0 ||| qw: Do Orc after clearing Dungeon:15 true
     0 | D:1      | 0 ||| qw: Do second Lair branch before Depths: true
     0 | D:1      | 0 ||| qw: Lair rune preference: random
     0 | D:1      | 0 ||| qw: Goals: Normal
     0 | D:1      | 0 ||| PLANNING D:1-11
   203 | D:1      | Reached XP level 2. HP: 16/16 MP: 3/3
   505 | D:1      | Reached skill level 3 in Ranged Weapons
   761 | D:1      | 761 ||| UPGRADING to +0 leather armour.
   771 | D:1      | 771 ||| DROPPING +0 robe.
   772 | D:1      | 772 ||| UPGRADING to +0 cloak.
   777 | D:1      | 777 ||| READING 2 scrolls labelled SOOSIF YHAURCH.
   780 | D:1      | 780 ||| READING 2 scrolls labelled DYEFAT EJEOREMU.
   781 | D:1      | 781 ||| READING scroll labelled AZOSIY VEDIAWNAADGH.
   781 | D:1      | Identified a scroll of acquirement
   781 | D:1      | 781 ||| ACQUIRING 1204 gold pieces
   781 | D:1      | Acquired 1204 gold pieces
   783 | D:1      | 783 ||| DRINKING 2 brown potions.
   784 | D:1      | 784 ||| DROPPING scroll of poison.
   785 | D:1      | 785 ||| DROPPING scroll of blinking.
   828 | D:2      | Reached XP level 3. HP: 21/21 MP: 4/4
   909 | D:2      | Noticed Robin
   914 | D:2      | 914 ||| Stepping ~*~*~tactically~*~*~ (outnumbered).
   929 | D:2      | HP: 5/21 [goblin/+0 club[Robin] (2)]
   930 | D:2      | 930 ||| READING scroll of teleportation.
   931 | D:2      | HP: 2/21 [hobgoblin[Robin] (1)]
   933 | D:2      | Found Mukyadw Pura's Armour Shop.
   938 | D:2      | HP: 1/21 [jackal (3)]
   949 | D:2      | HP: 3/21 [bat (1)]
  1033 | D:2      | 1033 ||| BUYING +0 leather armour of fire resistance (117
                  | gold).
  1033 | D:2      | Bought a +0 leather armour of fire resistance for 117 gold
                  | pieces
  1033 | D:2      | 1033 ||| BUYING +1 cloak (149 gold).
  1033 | D:2      | Bought a +1 cloak for 149 gold pieces
  1116 | D:2      | Killed Robin
  1117 | D:2      | Reached XP level 4. HP: 16/26 MP: 5/5
  1164 | D:2      | Found a faded altar of an unknown god.
  1314 | D:2      | Noticed Sigmund
  1319 | D:2      | 1319 ||| UPGRADING to +0 leather armour of fire resistance.
  1324 | D:2      | 1324 ||| UPGRADING to +0 leather armour of fire resistance.
  1325 | D:2      | HP: 6/26 [orc/boomerang (5)]
  1327 | D:2      | Killed from afar by Sigmund

Levels and vault maps discovered:
D:1:      minmay_arrival_loop, layout_basic
D:2:      minmay_angry_zag, layout_basic, serial_shops, nicolae_lakefront_shop,
          shapermc_ecumenical_altar_mp_ritualfount, uniq_robin, uniq_natasha,
          uniq_sigmund

Skill      XL: |  1  2 |
---------------+-------+-----
Ranged Weapons | 3 |  3.9
Fighting       | 2 |  2.1
Dodging        | |  1.5
Spellcasting   | |  1.0
Hexes          | |  2.6

Action                     |  1- 3 |  4- 6 || total
---------------------------+-------+-------++-------
   Fire: Sling             |   134 |    13 ||   147
    Use: Scroll            |     4 |       ||     4
         Potion            |     1 |       ||     1
 Armour: Robe              |     4 |       ||     4
         Leather armour    |    34 |     1 ||    35
  Dodge: Dodged            |    77 |     6 ||    83

Table legend:
 A = Non-vault XP
 B = Vault XP
 C = Vault XP percentage of total XP
 D = Non-vault monster count
 E = Vault monster count
 F = Vault count percentage of total count
                 A         B        C        D         E       F
            +---------+---------+-------+---------+---------+-------
      Total |      58 |      34 |  37.0 |      28 |      11 |  28.2
            +---------+---------+-------+---------+---------+-------
        D:1 |      22 |       0 |   0.0 |      14 |       0 |   0.0
        D:2 |      36 |      34 |  48.6 |      14 |      11 |  44.0
            +---------+---------+-------+---------+---------+-------
